 Dungeon Crawl Stone Soup version 0.16.1-4-g8e1b745 (webtiles) character file.

546 Radiman the Poker (level 7, 0/57 HPs)
             Began as a Centaur Fighter on Mar 27, 2015.
             Shot with a stone by a goblin (4 damage)
             ... on level 4 of the Dungeon.
             The game lasted 00:23:20 (4212 turns).

Radiman the Poker (Centaur Fighter)                 Turns: 4212, Time: 00:23:20

Health: 0/57       AC: -12   Str: 21    XL:     7   Next: 6%
Magic:  5/5        EV:  1    Int:  7    God:
Gold:   361        SH:  8    Dex:  8    Spells: 0 memorised, 6 levels left

rFire  . . .     SeeInvis .     a - +0 trident
rCold  . . .     Clarity  .     b - +0 plate armour
rNeg   . . .     SustAb   +     c - +0 shield
rPois  .         Gourm    .     l - +2 helmet
rElec  .         Spirit   .     (no cloak)
rCorr  .         Warding  .     (no gloves)
rMut   .         Stasis   .     (no barding)
MR     .....                    (no amulet)
Stlth  ..........               (no ring)
                                o - ring of sustain abilities

@: corroded equipment, very quick, not resistant to hostile enchantments,
extremely unstealthy
A: hooves 3, deformed body, speed 2, tough skin 3
a: no special abilities


You were on level 4 of the Dungeon.
You were not hungry.

You visited 1 branch of the dungeon, and saw 4 of its levels.

You collected 361 gold pieces.

Inventory:

Hand weapons
 a - a +0 trident (weapon)
Armour
 b - a +0 plate armour (worn)
 c - a +0 shield (worn)
 l - a +2 helmet (worn)
Jewellery
 o - a ring of sustain abilities (left hand)
Magical devices
 w - a wand of random effects (36)
Scrolls
 d - a scroll of teleportation {unknown}
 k - 2 scrolls of fear {unknown}
 m - 5 scrolls of identify {unknown}
 n - a scroll of recharging {unknown}
 p - a scroll of enchant armour {unknown}
 q - a scroll of fog {unknown}
 s - a scroll of blinking {unknown}
 t - 2 scrolls of remove curse {unknown}
 u - a scroll of enchant weapon {unknown}
 x - a scroll of magic mapping {unknown}
Potions
 e - a potion of might
 f - a potion of cancellation {unknown}
 g - a potion of poison {unknown}
 i - a potion of curing {unknown}
 j - 2 potions of restore abilities {unknown}
 r - a potion of mutation {unknown}
Comestibles
 h - 3 fruits


   Skills:
 - Level 3.2 Fighting
 * Level 6.8 Polearms
 - Level 2.3 Armour
 - Level 0.2 Dodging
 + Level 0.2 Stealth
 - Level 2.3 Shields


You had 6 spell levels left.
You didn't know any spells.

Dungeon Overview and Level Annotations

Branches:
Dungeon (4/15)
 Temple: D:4-7

Altars:
Elyvilon
Fedhas
Kikubaaqudgha
The Shining One


Innate Abilities, Weirdness & Mutations

You have hooves in place of feet.
Armour fits poorly on your strangely shaped body.
You cover ground very quickly.
You have extremely tough skin (AC +3).


Message History

The jelly hits you.
You are splashed with acid!
The acid burns!
* * * LOW HITPOINT WARNING * * *
You are too injured to fight recklessly!
You hit the jelly! The acid corrodes your equipment!
You kick the jelly.
The jelly is severely wounded.
You block the jelly's attack.
You hit the jelly.
The jelly is almost dead.
You block the jelly's attack.
Your shield and plate armour prevent you from hitting the jelly.
You kick the jelly.
The jelly is almost dead.
The jelly hits you.
* * * LOW HITPOINT WARNING * * *
You are splashed with acid!
The acid corrodes your equipment!
The acid burns!
* * * LOW HITPOINT WARNING * * *
You hear a slurping noise.
The goblin wields a hunting sling.
The goblin shoots a stone.
The stone hits you.
You die...

#.# #.o# #.# #.# #.g# #.#
#.# #######..###.# #.# #.#
#......J.....# #.# #.#
#.#####..##### #.###### #.#
#.# #..# #####....... #.#
#.# #..###.....######
#.###.#####..##.[.##.#
#.##......@..#.###.#.######
#........(..##. #.#.......
########†.####.###.########
#..# #.>)####### #..#
#.........###
####..#####..######....
#............# #..##
#.##..#####.#######..#
#.##...>...<.........#


You could see a jelly and a goblin.

Vanquished Creatures
  An ogre (D:4)
  The ghost of EaRtHBeAsT the Slasher, an average HEBe of Trog (D:3)
  A centaur skeleton (D:4)
  An iguana (D:4)
  An orc wizard (D:3)
  A worker ant (D:4)
  11 adders
  7 gnolls
  A shadow imp (D:4)
  2 giant mites
  An adder skeleton (D:4)
  3 giant geckos
  8 orcs
  5 bats
  A bat skeleton (D:4)
  A giant cockroach (D:3)
  10 goblins
  5 hobgoblins
  9 jackals
  A ball python (D:3)
  A giant gecko zombie (D:4)
  3 giant newts (D:2)
  7 kobolds
  4 rats
86 creatures vanquished.

Notes
Turn   | Place    | Note
--------------------------------------------------------------
     0 | D:1      | Radiman, the Centaur Fighter, began the quest for the Orb.
     0 | D:1      | Reached XP level 1. HP: 19/19 MP: 1/1
    64 | D:1      | Reached XP level 2. HP: 21/26 MP: 2/2
   826 | D:2      | Reached XP level 3. HP: 15/31 MP: 3/3
  1071 | D:2      | Found a blossoming altar of Fedhas.
  1135 | D:2      | Found a glowing golden altar of the Shining One.
  1584 | D:3      | Found a white marble altar of Elyvilon.
  1630 | D:3      | Reached XP level 4. HP: 36/38 MP: 3/3
  1692 | D:3      | Noticed EaRtHBeAsT's ghost (average HEBe)
  2305 | D:3      | Reached skill level 4 in Polearms
  2392 | D:3      | Reached XP level 5. HP: 35/45 MP: 4/4
  2794 | D:3      | Found an ancient bone altar of Kikubaaqudgha.
  2916 | D:4      | Reached skill level 5 in Polearms
  3261 | D:4      | Reached XP level 6. HP: 32/51 MP: 5/5
  3464 | D:4      | Noticed an ogre
  3502 | D:4      | HP: 2/51 [ogre/giant club (25)]
  3702 | D:3      | Killed EaRtHBeAsT's ghost
  3702 | D:3      | Reached skill level 6 in Polearms
  3819 | D:4      | Killed an ogre
  4048 | D:4      | Reached XP level 7. HP: 55/57 MP: 5/5
  4212 | D:4      | Shot with a stone by a goblin

Action                   |  1- 3 |  4- 6 |  7- 9 || total
-------------------------+-------+-------+-------++-------
Melee: Trident           |   147 |   246 |    45 ||   438
 Stab: Distracted        |       |       |     1 ||     1
  Eat: Chunk             |     1 |     2 |       ||     3
       Bread ration      |       |     1 |     1 ||     2
       Fruit             |       |     1 |       ||     1
